 Dungeon Crawl Stone Soup version 0.14-a0-2604-g6f603d6 (webtiles) character file.

7542 Kae the Covert (level 10, -1/44 HPs)
             Began as a Spriggan Enchanter on Feb 12, 2014.
             Was a Priest of Dithmenos.
             Killed from afar by an orc warrior (25 damage)
             ... with a wand of cold
             ... on Level 10 of the Dungeon on Feb 13, 2014.
             The game lasted 00:18:40 (10222 turns).

Kae the Covert (Spriggan Enchanter)                Turns: 10222, Time: 00:18:40

HP  -1/44        AC  4     Str  7      XL: 10   Next: 83%
MP   7/30        EV 18     Int 16      God: Dithmenos [***...]
Gold 507         SH  0     Dex 18      Spells:  3 memorised, 20 levels left

rFire  . . .     SeeInvis +     K - +4,+0 elf dagger (speed)
rCold  . . .     Clarity  .     b - +1 robe
rNeg   + . .     Conserve .     (shield restricted)
rPois  +         rCorr    .     (helmet restricted)
rElec  .         rRot     .     C - +0 cloak
SustAb . .       Spirit   .     (gloves unavailable)
rMut   .         Warding  .     (boots unavailable)
Saprov . . .     Stasis   .     n - cursed amulet of the gourmand
MR     +....                    j - ring of poison resistance
                                i - ring of positive energy

@: wreathed by umbra, very quick, somewhat resistant to hostile enchantments,
incredibly stealthy
A: unfitting armour, see invisible, herbivore 3, speed 3, slow metabolism 2
a: Shadow Step, Renounce Religion


You were on level 10 of the Dungeon.
You worshipped Dithmenos.
Dithmenos was most pleased with you.
You were not hungry.

You visited 2 branches of the dungeon, and saw 11 of its levels.
You also visited: Sewer.

You collected 507 gold pieces.

Inventory:

Hand weapons
 a - a +2,+2 dagger
 K - a +4,+0 elven dagger of speed (weapon)
Missiles
 d - 11 darts (quivered)
Armour
 b - a +1 robe (worn)
 C - a +0 cloak (worn)
Magical devices
 v - a wand of polymorph (11)
 x - a wand of lightning (4)
 N - a wand of digging (17)
Comestibles
 q - 12 sultanas
 r - 10 bread rations
 A - 4 apples
Scrolls
 e - 3 scrolls of remove curse
 g - 2 scrolls of immolation
 h - a scroll of amnesia {unknown}
 k - 2 scrolls of magic mapping
 p - a scroll of enchant weapon I
 s - a scroll of enchant weapon II
 t - a scroll of fear
 E - 4 scrolls of identify
 F - 2 scrolls of recharging {unknown}
 J - a scroll of vulnerability {unknown}
Jewellery
 f - an uncursed ring of protection from cold {unknown}
 i - a ring of positive energy (left hand)
 j - a ring of poison resistance (right hand)
 n - a cursed amulet of the gourmand (around neck)
 M - an uncursed ring of flight {unknown}
 O - an uncursed amulet of faith {unknown}
Potions
 l - 4 potions of curing
 m - 2 potions of might {unknown}
 u - 2 potions of brilliance {unknown}
 w - a potion of lignification {unknown}
 z - 4 potions of speed {unknown}
 B - a potion of agility {unknown}
 D - a potion of flight {unknown}
 G - a potion of confusion {unknown}
 H - 2 potions of restore abilities {unknown}
Books
 c - a book of Maledictions

   Spells                             Type                      Level
   *Corona                            Hexes                        1
   Sure Blade                         Hexes/Charms                 2
   *Ensorcelled Hibernation           Hexes/Ice                    2
   *Confuse                           Hexes                        3
   Enslavement                        Hexes                        4
   Invisibility                       Hexes                        6
 y - a book of Callings

   Spells                             Type                      Level
   Summon Small Mammal                Summoning                    1
   Call Imp                           Summoning                    2
   Call Canine Familiar               Summoning                    3
   Summon Scorpions                   Summoning/Poison             4
   Summon Ice Beast                   Ice/Summoning                4
 I - a book of Maledictions

   Spells                             Type                      Level
   *Corona                            Hexes                        1
   Sure Blade                         Hexes/Charms                 2
   *Ensorcelled Hibernation           Hexes/Ice                    2
   *Confuse                           Hexes                        3
   Enslavement                        Hexes                        4
   Invisibility                       Hexes                        6


   Skills:
 * Level 10.5 Short Blades
 - Level 1.1 Throwing
 - Level 3.0 Dodging
 * Level 14.5 Stealth
 + Level 8.7 Spellcasting
 + Level 9.0 Hexes


You had 20 spell levels left.
You knew the following spells:

 Your Spells              Type           Power        Failure   Level  Hunger
a - Corona                Hex            #####..      1%          1    None
b - Ensorcelled Hibernat  Hex/Ice        ###...       2%          2    None
c - Confuse               Hex            #####...     1%          3    ##.....


Dungeon Overview and Level Annotations

Branches:
Dungeon (10/16)            Temple (1/1) D:4            Lair (0/8) D:9
    Orc: D:9-12

Altars:
Ashenzari
Cheibriados
Dithmenos
Elyvilon
Fedhas
Kikubaaqudgha
Makhleb
Nemelex Xobeh
Okawaru
Sif Muna
Trog
Vehumet
Xom
Yredelemnul
Zin
The Shining One


Innate Abilities, Weirdness & Mutations

You are tiny and cannot use many weapons and most armour.
You have supernaturally acute eyesight.
You are a herbivore.
You cover ground extremely quickly.
You need consume almost no food.


Message History

You hit the active ballistomycete.
The active ballistomycete is severely damaged.
You hit the active ballistomycete.
The active ballistomycete is severely damaged.
You hit the active ballistomycete but do no damage.
The active ballistomycete is severely damaged.
You hit the active ballistomycete.
The active ballistomycete is almost destroyed.
You hit the active ballistomycete.
The active ballistomycete is almost destroyed.
You hit the active ballistomycete.
You destroy the active ballistomycete!
The fungal colony is destroyed.
The orc warrior shoots a poisoned needle.
The poisoned needle hits you!
You see here 2 poisoned needles.
The orc warrior zaps a wand.
The bolt of cold misses you.
The orc warrior zaps a wand.
The bolt of cold hits you!
Ouch! That really hurt!
You die...

.....####.######.###.........>
#.
..............%..)...........
#.
....<####.######)###.........
#. .....# #.# #.# #.###......
.. ###### #.######%###(# ... .
#.(..)(..((((#
#......)(%...###..
#.....(.............
#.........@..........
.......................
.............o.........
.....................
#.#.#......#######.
..........# ####.... ###.# #.#


You could see an orc warrior.

Vanquished Creatures
  An unseen horror (D:10)
  A hill giant (D:8)
  Joseph (D:8)
  A spriggan (D:7)
  2 trolls (D:9)
  A hydra zombie (D:9)
  Prince Ribbit (D:8)
  Eustachio (D:8)
  A steam dragon (D:9)
  A necrophage (D:10)
  An ice beast (D:10)
  A swamp drake (D:9)
  3 orc warriors
  A phantom (D:4)
  5 ogres
  3 centaurs
  3 crocodiles
  Blork the orc (D:4)
  A gnoll sergeant (D:9)
  2 big kobolds (D:10)
  7 giant frogs
  A troll zombie (D:9)
  3 killer bees (D:10)
  The ghost of Econoterrorist the Scratcher, a weakling FeTm (D:3)
  A giant frog zombie (D:6)
  9 crimson imps
  4 hounds
  Crazy Yiuf (D:4)
  A quasit (D:9)
  12 orc wizards
  5 orc priests
  8 iguanas
  4 scorpions
  3 worker ants
  Ijyb (D:7)
  A crocodile zombie (D:6)
  Terence (D:2)
  9 adders
  10 gnolls
  A green rat (D:5)
  A steam dragon skeleton (D:8)
  6 worms
  4 giant mites
  An adder zombie (D:6)
  3 grey rats
  A giant eyeball (D:9)
  5 giant geckos
  28 orcs
  4 ball pythons
  20 bats
  9 giant cockroaches
  5 goblins
  12 hobgoblins
  10 jackals
  11 giant newts
  2 giant spores
  A hobgoblin zombie (D:6)
  24 kobolds
  29 rats
  2 ballistomycetes (D:10)
293 creatures vanquished.

Notes
Turn   | Place    | Note
--------------------------------------------------------------
     0 | D:1      | Kae, the Spriggan Enchanter, began the quest for the Orb.
     0 | D:1      | Reached XP level 1. HP: 9/9 MP: 4/4
   137 | D:1      | Reached XP level 2. HP: 8/13 MP: 5/7
   153 | D:1      | Learned a level 2 spell: Ensorcelled Hibernation
   166 | D:1      | Upgraded the game from 0.14-a0-2592-g262d02f to 0.14-a0-2604-g6f603d6
   423 | D:1      | Reached skill level 4 in Stealth
   830 | D:2      | Reached XP level 3. HP: 16/16 MP: 11/11
   841 | D:2      | Found a deep blue altar of Sif Muna.
  1154 | D:2      | Noticed Terence
  1173 | D:2      | Killed Terence
  1687 | D:2      | Reached XP level 4. HP: 18/21 MP: 14/14
  1964 | D:3      | Reached skill level 5 in Stealth
  2249 | D:3      | Reached XP level 5. HP: 18/24 MP: 13/17
  2500 | D:3      | Noticed Econoterrorist's ghost (weakling FeTm)
  2525 | D:3      | Learned a level 3 spell: Confuse
  2527 | D:3      | Killed Econoterrorist's ghost
  2823 | D:4      | Found a staircase to the Ecumenical Temple.
  2829 | Temple   | Entered the Ecumenical Temple
  2919 | Temple   | Became a worshipper of Dithmenos
  2960 | D:4      | Reached XP level 6. HP: 28/28 MP: 20/20
  3083 | D:4      | Noticed Blork the orc
  3092 | D:4      | Killed Blork the orc
  3092 | D:4      | Reached skill level 6 in Stealth
  3138 | D:4      | Noticed Crazy Yiuf
  3144 | D:4      | Killed Crazy Yiuf
  3270 | D:4      | Noticed a phantom
  3291 | D:4      | Killed a phantom
  3291 | D:4      | Reached skill level 5 in Hexes
  3868 | D:4      | Reached skill level 7 in Stealth
  3868 | D:4      | Reached XP level 7. HP: 24/32 MP: 15/22
  3929 | D:4      | Found a shattered altar of Ashenzari.
  3934 | D:4      | Saw a vision of the Swamp and the Snake Pit.
  3934 | D:4      | Noticed a mana viper
  3934 | D:4      | Noticed a mana viper
  3934 | D:4      | Noticed a naga
  3934 | D:4      | Noticed an alligator
  3934 | D:4      | Noticed a naga mage
  3937 | D:4      | Noticed a black mamba
  3937 | D:4      | Noticed a naga
  3938 | D:4      | Noticed a swamp drake
  3938 | D:4      | Noticed a giant amoeba
  4090 | D:5      | Entered Level 5 of the Dungeon
  4156 | D:5      | Reached skill level 5 in Short Blades
  4310 | D:5      | Reached skill level 5 in Spellcasting
  4642 | D:5      | Found a shimmering altar of Xom.
  4651 | D:5      | Reached skill level 8 in Stealth
  4728 | D:5      | Reached XP level 8. HP: 36/36 MP: 11/24
  4837 | D:5      | Reached skill level 9 in Stealth
  4856 | D:5      | Found a glowing drain.
  4861 | Sewer    | Entered a sewer
  6102 | D:6      | Reached skill level 10 in Stealth
  6383 | D:6      | Acquired Dithmenos' first power
  6816 | D:7      | Reached XP level 9. HP: 28/39 MP: 5/27
  7042 | D:7      | Noticed Ijyb
  7049 | D:7      | Killed Ijyb
  7049 | D:7      | Reached skill level 11 in Stealth
  7163 | D:7      | Noticed a spriggan baker
  7164 | D:7      | Killed a spriggan baker
  7451 | D:8      | Noticed Joseph
  7454 | D:8      | Killed Joseph
  7524 | D:8      | Noticed Prince Ribbit
  7573 | D:8      | Killed Prince Ribbit
  7573 | D:8      | Reached skill level 12 in Stealth
  7808 | D:8      | Noticed a hill giant
  7817 | D:8      | Killed a hill giant
  7852 | D:8      | Noticed Eustachio
  7858 | D:8      | Killed Eustachio
  7858 | D:8      | Reached XP level 10. HP: 44/44 MP: 27/29
  8435 | D:9      | Reached skill level 13 in Stealth
  9100 | D:9      | Found a staircase to the Lair.
  9104 | D:9      | Paralysed by a giant eyeball for 4 turns
  9116 | D:9      | Paralysed by a giant eyeball for 3 turns
  9261 | D:9      | Acquired Dithmenos' second power
  9391 | D:9      | Reached skill level 10 in Short Blades
  9457 | D:9      | HP: 1/44 [troll zombie (2)]
  9936 | D:10     | Entered Level 10 of the Dungeon
 10005 | D:10     | Reached skill level 14 in Stealth
 10007 | D:10     | Noticed an unseen horror
 10022 | D:10     | Killed an unseen horror
 10222 | D:10     | Killed from afar by an orc warrior

Action                   |  1- 3 |  4- 6 |  7- 9 | 10-12 || total
-------------------------+-------+-------+-------+-------++-------
Melee: Dagger            |   128 |   185 |   278 |   217 ||   808
Throw: Dart              |       |       |       |     1 ||     1
 Cast: Corona            |     7 |     1 |       |       ||     8
       Ensorcelled Hiber |    14 |    50 |   116 |    70 ||   250
       Confuse           |       |     5 |    10 |     8 ||    23
Evoke: Wand              |       |       |     4 |     2 ||     6
  Use: Scroll            |     1 |       |    14 |       ||    15
       Potion            |       |     1 |     2 |     1 ||     4
 Stab: Sleeping          |    16 |    35 |    74 |    57 ||   182
       Confused          |       |     4 |     4 |     8 ||    16
       Invisible         |       |       |       |    10 ||    10
       Distracted        |       |       |       |     1 ||     1
